AoeStats
← CrazyBen

Hill Fort

506870592Analyzed
4v4 RM · 17d ago on Sep 15, 2026· 46m 35s· 8 players
Game mode
Random Map
Map size
Large (8 player)
Population
200
Speed
Normal
Resources
Standard
Victory
Conquest
Starting age
Dark Age
Ending age
Imperial Age
RankedLock teamsTeams togetherTeam positionsShared explorationLock speedFull tech treeHidden civsTurbo modeCheats
Victory
Defeat
🇨🇳 Huns · China
1578
+10
🇨🇳 Vikings · China
1495
+13
🇨🇳 Berbers · China
1449
+15
🇮🇳 Cumans · India
1328
+20
🇫🇷 Japanese · France
1497
-17
🇨🇴 Spanish · Colombia
1451
-15
🇮🇳 Mongols · India
1393
-13
🇧🇷 Lithuanians · Brazil
1384
-13
SaKuRuaba Ema
9:40 Loom
12:04 Feudal Age
10:41 Loom
12:47 Double-Bit Axe
12:42 Horse Collar
16:03 Castle Age
14:05 Gold Mining
16:21 Fletching
17:20 Bow Saw
18:06 Bodkin Arrow
24:25 Ballistics
25:26 Town Watch
34:45 Imperial Age
32:31 Clinker Construction
32:37 Stone Mining
33:25 Gold Shaft Mining
34:51 Elite Longship
35:31 Bracer
36:33 Chemistry
36:37 Two-Man Saw
36:03 Conscription
35:54 Fortified Wall
36:35 Heavy Plow
37:09 Careening
36:43 Elite Cannon Galleon
38:09 Siege Engineers
41:21 Crop Rotation
41:13 Carvel Hull
41:45 Dry Dock
41:09 Treadmill Crane
41:39 Masonry
41:35 Bogsveigar
41:36 Chieftains
42:22 Fortified Wall
43:47 Architecture
43:13 Murder Holes
43:04 Arrowslits
青子
11:45 Feudal Age
12:54 Double-Bit Axe
15:55 Castle Age
13:43 Horse Collar
16:51 Fletching
18:06 Bodkin Arrow
19:02 Padded Archer Armor
25:55 Wheelbarrow
31:12 Imperial Age
28:28 Loom
30:37 Leather Archer Armor
30:40 Hand Cart
30:58 Fortified Wall
31:57 Bracer
32:58 Chemistry
33:32 Ballistics
33:12 Stone Mining
33:12 Gold Mining
34:00 Conscription
34:12 Ring Archer Armor
34:43 Elite Camel Archer
35:37 Maghrebi Camels
36:29 Stone Shaft Mining
36:44 Bloodlines
36:35 Husbandry
36:45 Caravan
37:15 Town Watch
38:35 Bow Saw
38:59 Murder Holes
40:21 Hoardings
40:43 Treadmill Crane
41:14 Masonry
44:20 Siege Engineers
44:50 Thumb Ring
45:19 Heavy Camel Rider
46:30 Scale Barding Armor
Privilege
10:50 Feudal Age
14:26 Castle Age
12:35 Double-Bit Axe
12:48 Horse Collar
13:42 Fletching
16:31 Bodkin Arrow
22:57 Loom
28:31 Ballistics
29:19 Bloodlines
30:52 Husbandry
30:58 Padded Archer Armor
31:45 Wheelbarrow
31:27 Town Watch
36:07 Imperial Age
34:11 Thumb Ring
34:02 Gold Mining
35:22 Leather Archer Armor
36:36 Scale Barding Armor
36:33 Marauders
36:14 Heavy Cavalry Archer
36:22 Elite Tarkan
37:27 Hand Cart
37:51 Chain Barding Armor
38:57 Conscription
39:03 Atheism
39:26 Plate Barding Armor
39:02 Forging
40:59 Caravan
41:54 Iron Casting
41:52 Guilds
43:37 Blast Furnace
43:31 Coinage
43:38 Light Cavalry
45:05 Banking
46:56 Bow Saw
Lyrachord
8:10 Feudal Age
8:53 Double-Bit Axe
11:18 Horse Collar
11:41 Loom
17:28 Wheelbarrow
20:27 Castle Age
18:58 Gold Mining
19:23 Bloodlines
19:55 Scale Barding Armor
20:03 Forging
21:33 Chain Barding Armor
21:29 Bow Saw
21:27 Heavy Plow
25:31 Hand Cart
27:13 Town Watch
28:11 Town Patrol
31:15 Imperial Age
29:48 Iron Casting
31:31 Gold Shaft Mining
30:48 Stone Mining
31:17 Cavalier
32:33 Plate Barding Armor
32:58 Blast Furnace
32:32 Paladin
35:37 Two-Man Saw
34:58 Caravan
35:46 Cuman Mercenaries
36:38 Coinage
38:33 Chemistry
38:13 Crop Rotation
38:33 Conscription
40:04 Banking
40:23 Steppe Husbandry
40:09 Light Cavalry
41:08 Guilds
42:16 Ballistics
42:06 Masonry
43:20 Hoardings
42:05 Elite Kipchak
42:10 Hussar
CrazyBen
10:36 Feudal Age
14:17 Castle Age
12:10 Double-Bit Axe
12:38 Horse Collar
16:19 Bow Saw
16:11 Heavy Plow
19:14 Loom
20:24 Fletching
21:11 Guard Tower
22:37 Ballistics
22:25 Bodkin Arrow
25:47 Stone Mining
34:06 Imperial Age
32:27 Yasama
36:19 Chemistry
36:02 Pikeman
36:45 Scale Mail Armor
37:01 Gold Mining
38:14 Chain Mail Armor
38:06 Bracer
40:30 Squires
41:38 Keep
41:54 Wheelbarrow
42:59 Halberdier
44:10 Arrowslits
juand400
10:31 Feudal Age
14:38 Castle Age
12:56 Double-Bit Axe
13:30 Horse Collar
13:59 Loom
20:30 Padded Archer Armor
22:23 Leather Archer Armor
27:52 Wheelbarrow
30:23 Gold Mining
30:43 Town Watch
32:02 Husbandry
32:53 Bloodlines
32:58 Fletching
_SHiX_
7:27 Loom
9:39 Feudal Age
12:19 Wheelbarrow
13:19 Horse Collar
14:43 Double-Bit Axe
19:42 Castle Age
18:06 Stone Mining
20:28 Fletching
21:16 Bow Saw
22:43 Bodkin Arrow
22:49 Padded Archer Armor
22:55 Scale Barding Armor
22:53 Husbandry
26:49 Chain Barding Armor
26:45 Leather Archer Armor
27:33 Heavy Plow
29:05 Ballistics
28:55 Masonry
32:35 Town Watch
33:35 Gold Mining
35:24 Hand Cart
37:08 Thumb Ring
37:16 Bloodlines
43:05 Imperial Age
42:57 Light Cavalry
44:10 Conscription
43:11 Elite Mangudai
44:27 Hoardings
44:27 Bracer
43:52 Hussar
46:09 Chemistry
45:15 Siege Engineers
45:05 Murder Holes
44:53 Cavalier
tchesgos
8:44 Loom
10:30 Feudal Age
15:44 Castle Age
15:22 Double-Bit Axe
15:18 Horse Collar
20:49 Bow Saw
28:11 Fletching
30:28 Wheelbarrow
30:40 Gold Mining
31:42 Heavy Plow
32:07 Scale Barding Armor
32:24 Town Watch
33:47 Chain Barding Armor
34:16 Forging
38:11 Imperial Age
37:24 Iron Casting
38:19 Bloodlines
38:13 Husbandry
39:16 Conscription
39:39 Plate Barding Armor
40:35 Masonry
40:51 Bodkin Arrow
42:58 Padded Archer Armor
42:58 Bracer
43:20 Ballistics
43:52 Architecture
43:09 Elite Skirmisher
44:26 Thumb Ring
44:39 Leather Archer Armor
46:37 Hand Cart
Connection lost

Rejoining the realm…

Still unreachable

The connection could not be restored.

Session expired

The server has moved on; the page needs a fresh start.